 Dungeon Crawl Stone Soup version 0.22.0 (webtiles) character file.

415 Gnomechomski the Destroyer (level 6, 0/32 HPs)
             Began as a Deep Elf Conjurer on Sept 25, 2018.
             Succumbed to a worker ant's poison
             ... on level 4 of the Dungeon.
             The game lasted 00:25:50 (4510 turns).

Gnomechomski the Destroyer (Deep Elf Conjurer)      Turns: 4510, Time: 00:25:51

Health: 0/32       AC:  3    Str: 10    XL:     6   Next: 60%
Magic:  1/13       EV: 13    Int: 21    God:
Gold:   223        SH:  0    Dex: 15    Spells: 1/11 levels left

rFire    . . .     SeeInvis .   j - +2 short sword (protect)
rCold    . . .     Gourm    .   (no shield)
rNeg     + + .     Faith    .   o - +1 robe of the Earth {rN++ Str+4} (curse)
rPois    .         Spirit   .   (no helmet)
rElec    .         Reflect  .   (no cloak)
rCorr    .         Harm     .   (no gloves)
MR       .....                  (no boots)
Stlth    ++........             (no amulet)
HPRegen  0.10/turn              (no ring)
MPRegen  0.13/turn              (no ring)

@: lethally poisoned (0 -> -3)
A: no striking features
a: no special abilities


You were on level 4 of the Dungeon.
You were not hungry.

You visited 1 branch of the dungeon, and saw 4 of its levels.

You collected 223 gold pieces.

Inventory:

Hand Weapons
 b - a +0 short sword
 i - a +1 short sword of speed
 j - a +2 short sword of protection (weapon)
 m - a +1 dagger of electrocution
Armour
 a - a +2 robe
 o - the cursed +1 robe of the Earth (worn) {rN++ Str+4}
   (You found it on level 4 of the Dungeon)

   It affects your strength (+4).
   It greatly protects you from negative energy.
   It has a curse placed upon it.
Scrolls
 d - a scroll of identify
 e - 4 scrolls of teleportation
 h - 3 scrolls of enchant armour
Potions
 f - a potion of ambrosia
 g - a potion of cancellation
 k - a potion of berserk rage
 n - a potion of flight
Comestibles
 c - 9 rations
 l - 3 chunks of flesh


   Skills:
 - Level 2.4 Dodging
 - Level 2.4 Stealth
 + Level 3.4 Spellcasting
 * Level 8.2 Conjurations
 + Level 3.0 Hexes


You had one spell level left.
You knew the following spells:

 Your Spells              Type           Power        Failure   Level  Hunger
a - Magic Dart            Conj           ####         1%          1    None
b - Searing Ray           Conj           #####.       1%          2    ##.....
c - Iskenderun's Mystic   Conj           #####...     4%          4    ####...
d - Dazzling Spray        Conj/Hex       ####..       3%          3    ###....

Your spell library contained the following spells:

 Spells                   Type           Power        Failure   Level  Hunger
 Fulminant Prism          Conj/Hex       ####......   13%         4    ####...
 Force Lance              Conj/Tloc      ###.....     24%         4    ####...


Dungeon Overview and Level Annotations

Branches:
Dungeon (4/15)
 Temple: D:4-7

Altars:
Dithmenos
Kikubaaqudgha
Makhleb
Uskayaw
Wu Jian
The Shining One


Message History

The worker ant misses you.
Casting: Magic Dart (safe; 1% risk of failure)
Confirm with . or Enter, or press ? or * to list all spells.
Aiming: Magic Dart (safe; 1% risk of failure)
Press: ? - help, Shift-Dir - straight line, f/p - worker ant
Aim: a worker ant (moderately wounded)
The magic dart hits the worker ant.
The worker ant is severely wounded.
The worker ant bites you.
* * * LOW HITPOINT WARNING * * *
You are lethally poisoned!
The worker ant poisons you!
* * * LOW HITPOINT WARNING * * *
You feel sick.
* * * LOW HITPOINT WARNING * * *
You feel sick. The worker ant closely misses you.
* * * LOW HITPOINT WARNING * * *
You feel sick.
You die...

....#...#.....#...#.........#
....#...#.....#...'.........#
....#...'.....'...#.........#
....#...#..{..#...#.........#
#o#########...#####.........#
..# #..o.......######## ..#
#..........# ..# #...a......#
..# #.....@....# .##
#..........#### #### .#
#'##########..## #... ##
#.....#........# #...
######+# #.....#...[....#
#... ........
#.....#........# #...
........ #.....'........#
#... o.......
#.....#........# #...
)#######
#....##...##..######...


You could see a worker ant and an orc wizard.

Vanquished Creatures
  A crimson imp (D:2)
  A hound (D:4)
  2 orc priests (D:3)
  An orc wizard (D:3)
  Natasha (thrice) (D:2)
  A worker ant (D:4)
  A gnoll (D:1)
  6 adders
  An ooze (D:2)
  4 worms
  A dart slug (D:1)
  3 leopard geckos
  9 orcs
  2 giant cockroaches
  7 goblins
  12 hobgoblins
  A quokka (D:2)
  3 ball pythons (D:4)
  8 bats
  5 frilled lizards
  9 kobolds
  A leopard gecko skeleton (D:4)
  A quokka skeleton (D:4)
  5 rats
88 creatures vanquished.

Notes
Turn   | Place    | Note
-------+----------+-------------------------------------------
     0 | D:1      | Gnomechomski the Deep Elf Conjurer began the quest for the Orb.
     0 | D:1      | Reached XP level 1. HP: 10/10 MP: 6/6
     2 | D:1      | Noticed a dwarf
     4 | D:1      | Noticed a human
     4 | D:1      | Noticed a naga
     6 | D:1      | Noticed an ogre
     6 | D:1      | Noticed a formicid
     8 | D:1      | Noticed a centaur
     8 | D:1      | Noticed a demigod
    10 | D:1      | Noticed a vine stalker
    10 | D:1      | Noticed a merfolk
    12 | D:1      | Noticed an octopode
    14 | D:1      | Noticed an elf
    14 | D:1      | Noticed a ghoul
    16 | D:1      | Noticed a halfling
    18 | D:1      | Noticed a minotaur
    18 | D:1      | Noticed a vampire
    20 | D:1      | Noticed a draconian
    20 | D:1      | Noticed a gargoyle
    22 | D:1      | Noticed a felid
    24 | D:1      | Noticed a tengu
    24 | D:1      | Noticed a troll
    26 | D:1      | Noticed a spriggan
    26 | D:1      | Noticed a demonspawn
   300 | D:1      | Reached XP level 2. HP: 15/15 MP: 6/8
   304 | D:1      | Learned a level 2 spell: Searing Ray
   333 | D:1      | Reached skill level 5 in Conjurations
   706 | D:1      | Reached XP level 3. HP: 3/19 MP: 0/9
  1443 | D:2      | Reached skill level 6 in Conjurations
  1720 | D:2      | Reached XP level 4. HP: 24/24 MP: 5/10
  1767 | D:2      | Learned a level 4 spell: Iskenderun's Mystic Blast
  1777 | D:2      | Found an ancient bone altar of Kikubaaqudgha.
  1777 | D:2      | Found a hide-covered altar of Uskayaw.
  1777 | D:2      | Found a glowing golden altar of the Shining One.
  1822 | D:2      | Found an ornate altar of the Wu Jian Council.
  2204 | D:2      | Noticed Natasha
  2208 | D:2      | Killed Natasha
  2227 | D:2      | Found a burning altar of Makhleb.
  2232 | D:2      | Reached skill level 7 in Conjurations
  2232 | D:2      | Reached XP level 5. HP: 27/28 MP: 5/11
  2237 | D:2      | Learned a level 3 spell: Dazzling Spray
  2420 | D:2      | Noticed Natasha
  2425 | D:2      | Killed Natasha
  2599 | D:2      | Reached skill level 1 in Hexes
  2804 | D:2      | Noticed Natasha
  2807 | D:2      | Killed Natasha
  3209 | D:3      | Found a shadowy altar of Dithmenos.
  3465 | D:3      | Reached XP level 6. HP: 32/32 MP: 9/12
  3611 | D:3      | Reached skill level 8 in Conjurations
  4379 | D:4      | Got a thick robe
  4390 | D:4      | Identified the cursed +1 robe of the Earth {rN++ Str+4} (You found it on level 4 of the Dungeon)
  4508 | D:4      | HP: 1/32 [poisoned by a worker ant]
  4510 | D:4      | Succumbed to a worker ant's poison

Skill      XL: |  1  2  3  4  5  6 |
---------------+-------------------+-----
Conjurations   | 5 6 7 8 |  8.2
Hexes          | 2 3 |  3.0
Dodging        | |  2.4
Stealth        | |  2.4
Spellcasting   | |  3.4

Action                   |  1- 3 |  4- 6 || total
-------------------------+-------+-------++-------
Melee: Short sword       |     7 |    14 ||    21
 Cast: Magic Dart        |    57 |   103 ||   160
       Searing Ray       |     6 |     2 ||     8
       Iskenderun's Myst |       |     8 ||     8
       Dazzling Spray    |       |     1 ||     1
  Use: Scroll            |       |    13 ||    13
       Potion            |       |     2 ||     2
  Eat: Chunk             |     2 |     7 ||     9
       Ration            |       |     1 ||     1
Armor: Robe              |     2 |     9 ||    11
Dodge: Dodged            |     9 |    46 ||    55
